 Dungeon Crawl Stone Soup version 0.15-a0-134-gcf47855 (webtiles) character file.

1175 BluebellGnoll the Covert (level 8, 1/37 HPs)
             Began as a Spriggan Assassin on Apr 11, 2014.
             Was a Follower of Yredelemnul.
             Quit the game on Level 6 of the Dungeon on Apr 12, 2014.
             The game lasted 00:48:18 (7005 turns).

BluebellGnoll the Covert (Spriggan Assassin)        Turns: 7005, Time: 00:48:18

HP   1/37        AC  4     Str  7      XL: 8   Next:  0%
MP  16/16        EV 24     Int 14      God: Yredelemnul [*.....]
Gold 169         SH  0     Dex 18      Spells:  0 memorised,  7 levels left

rFire  . . .     SeeInvis +     z - +2,+1 dagger (venom)
rCold  . . .     Clarity  .     c - +0 robe
rNeg   . . .     Conserve .     (shield restricted)
rPois  .         rCorr    .     (helmet restricted)
rElec  .         rRot     .     u - +1 cloak
SustAb . .       Spirit   .     (gloves unavailable)
rMut   .         Warding  .     (boots unavailable)
Saprov . . .     Stasis   .     (no amulet)
MR     +....                    (no ring)
                                (no ring)

@: drained, very quick, somewhat resistant to hostile enchantments, extremely
stealthy
A: unfitting armour, see invisible, herbivore 3, speed 3, slow metabolism 2
a: Animate Remains, Renounce Religion


You were on level 6 of the Dungeon.
You worshipped Yredelemnul.
Yredelemnul was aware of your devotion.
You were hungry.

You visited 2 branches of the dungeon, and saw 7 of its levels.

You collected 169 gold pieces.

Inventory:

Hand weapons
 a - a +2,+2 dagger
 b - a +0 blowgun
 y - a +0 blowgun
 z - a +2,+1 dagger of venom (weapon)
 C - a +1 blowgun
Missiles
 e - 34 poisoned needles
 f - 2 curare-tipped needles
 w - 12 darts (quivered)
Armour
 c - a +0 robe (worn)
 u - a +1 cloak (worn)
Magical devices
 t - a wand of frost (2)
 x - a wand of digging (5)
Comestibles
 p - 3 bread rations
Scrolls
 h - 4 scrolls of identify
 k - a scroll of immolation
 l - 2 scrolls of blinking
 n - a scroll of fear
 o - a scroll of enchant weapon I {unknown}
 q - 2 scrolls of remove curse
 v - a scroll of enchant armour
Potions
 d - a potion of paralysis {unknown}
 g - 2 potions of berserk rage {unknown}
 i - 2 potions of haste
 j - 2 potions of lignification
 m - 2 potions of agility {unknown}
 r - a potion of might
 s - a potion of confusion {unknown}
 A - a potion of heal wounds
 B - a potion of beneficial mutation {unknown}


   Skills:
 - Level 1.5(1.0) Fighting
 - Level 4.5(3.9) Short Blades
 - Level 2.1(1.6) Throwing
 + Level 8.8(8.2) Dodging
 + Level 10.7(10.0) Stealth


You had 7 spell levels left.
You didn't know any spells.

Dungeon Overview and Level Annotations

Branches:
Dungeon (6/15)             Temple (1/1) D:4

Altars:
Ashenzari
Cheibriados
Elyvilon
Kikubaaqudgha
Makhleb
Nemelex Xobeh
Sif Muna
Trog
Vehumet
Xom
Yredelemnul
Zin
The Shining One


Innate Abilities, Weirdness & Mutations

You are tiny and cannot use many weapons and most armour.
You have supernaturally acute eyesight.
You are a herbivore.
You cover ground extremely quickly.
You need consume almost no food.


Message History

The wight hits you with a morningstar!
* * * LOW HITPOINT WARNING * * *
You feel drained.
* * * LOW HITPOINT WARNING * * *
You are too injured to fight recklessly!
You are too injured to fight recklessly!
You are too injured to fight recklessly!
You are too injured to fight recklessly!
You are too injured to fight recklessly!
You are too injured to fight recklessly!
You are too injured to fight recklessly!
You are too injured to fight recklessly!
You are too injured to fight recklessly!
You are too injured to fight recklessly!
You are too injured to fight recklessly!
You are too injured to fight recklessly!
You are too injured to fight recklessly!
You are too injured to fight recklessly!
You are too injured to fight recklessly!
Are you sure you want to abandon this character and quit the game? (Confirm with "yes".)

# ######....####...##
....................<.
#.###.##..#.#####...#
...#.##..#.......#.#
#.#.##..###.###.### .
#.......# ........ ..K
#<..#.#.#............
......#####.#.#........####
........zz@.#.#........
.....########.......# # .
########


You could see 2 wights.

Vanquished Creatures
  A black bear (D:6)
  A phantom (D:4)
  Sigmund (D:5)
  The ghost of oplop the Cutter, an average KoBe of Trog (D:3)
  A giant frog (D:6)
  A scorpion (D:4)
  A wight (D:6)
  2 crimson imps
  A hound (D:4)
  Crazy Yiuf (D:2)
  4 orc priests
  An orc wizard (D:5)
  A worker ant (D:5)
  3 gnolls (D:6)
  6 adders
  A giant mite (D:5)
  A worm (D:6)
  2 adder skeletons
  A giant eyeball (D:6)
  2 giant geckos
  29 orcs
  5 giant cockroaches
  12 hobgoblins
  4 jackals (D:5)
  3 quokkas
  A ball python (D:2)
  8 bats
  5 giant newts
  A gnoll skeleton (D:6)
  7 goblins
  9 kobolds
  6 rats
123 creatures vanquished.

Vanquished Creatures (others)
  5 toadstools (D:1)
5 creatures vanquished.

Grand Total: 128 creatures vanquished

Notes
Turn   | Place    | Note
--------------------------------------------------------------
     0 | D:1      | BluebellGnoll, the Spriggan Assassin, began the quest for the Orb.
     0 | D:1      | Reached XP level 1. HP: 10/10 MP: 2/2
    99 | D:1      | Reached skill level 6 in Stealth
   580 | D:1      | Reached XP level 2. HP: 12/14 MP: 4/4
   941 | D:2      | Reached skill level 7 in Stealth
  1341 | D:2      | Noticed Crazy Yiuf
  1347 | D:2      | Killed Crazy Yiuf
  1347 | D:2      | Reached skill level 8 in Stealth
  1347 | D:2      | Reached XP level 3. HP: 18/18 MP: 6/6
  2106 | D:3      | Noticed oplop's ghost (average KoBe)
  2142 | D:3      | Reached XP level 4. HP: 22/22 MP: 8/8
  2292 | D:3      | Found a bloodstained altar of Trog.
  2524 | D:3      | Killed oplop's ghost
  2524 | D:3      | Reached XP level 5. HP: 18/25 MP: 10/10
  3349 | D:4      | Noticed a phantom
  3404 | D:4      | Killed a phantom
  3404 | D:4      | Reached XP level 6. HP: 14/30 MP: 12/12
  3672 | D:4      | Found a staircase to the Ecumenical Temple.
  3832 | D:4      | Reached skill level 5 in Dodging
  4154 | Temple   | Entered the Ecumenical Temple
  4351 | Temple   | Became a worshipper of Yredelemnul the Dark
  4612 | D:4      | Reached skill level 9 in Stealth
  4810 | D:5      | Entered Level 5 of the Dungeon
  4960 | D:5      | Noticed Sigmund
  4973 | D:5      | Killed Sigmund
  4973 | D:5      | Reached XP level 7. HP: 33/33 MP: 14/14
  5116 | D:5      | Reached skill level 10 in Stealth
  6458 | D:6      | Upgraded the game from 0.15-a0-123-geffbfde to 0.15-a0-134-gcf47855
  6598 | D:6      | Acquired Yredelemnul's first power
  6982 | D:6      | Reached XP level 8. HP: 21/37 MP: 16/16
  7004 | D:6      | HP: 1/37 [wight/morningstar (2)]
  7005 | D:6      | Quit the game

Action                   |  1- 3 |  4- 6 |  7- 9 || total
-------------------------+-------+-------+-------++-------
Melee: Dagger            |    98 |   212 |   506 ||   816
 Fire: Blowgun           |       |     7 |    18 ||    25
Throw: Dart              |       |    16 |    11 ||    27
Evoke: Wand              |     1 |    11 |     1 ||    13
  Use: Scroll            |     2 |    15 |       ||    17
       Potion            |     1 |     5 |     2 ||     8
 Stab: Sleeping          |     9 |    17 |     9 ||    35
